 Dungeon Sprint DCSS version 0.30-a0-358-g0d69a1922f (webtiles) character file.

Game seed: 8308677228987777724

3800000 rocky1 the Axe Maniac (level 23, -56/284 HPs)
             Began as an Ogre Gladiator on Nov 9, 2022.
             Was the Champion of Makhleb.
             Annihilated by a destroyer
             ... wielding a +9 vorpal great sword
              (58 damage)
             ... in the Dungeon (Sprint VIII: "Arena of Blood").
             The game lasted 00:03:50 (38 turns).

rocky1 the Axe Maniac (Ogre Gladiator)                Turns: 38, Time: 00:03:50

Health: -56/284    AC:  5    Str: 32    XL:     23   Next: 18%
Magic:  20/54      EV: 19    Int:  9    God:    Makhleb [******]
Gold:   0          SH:  0    Dex: 10    Spells: 76/76 levels left

rFire   . . .      SeeInvis .    l - +∞ Axe of Woe
rCold   . . .      Faith    .    (shield currently unavailable)
rNeg    . . .      Spirit   .    b - +0 robe
rPois   .          Reflect  .    c - +0 hat
rElec   .          Harm     .    (no cloak)
rCorr   .          Rampage  .    (gloves unavailable)
Will    ++...      NoTele   +    (boots unavailable)
Stlth   +++++++++.               (no amulet)
HPRegen 0.67/turn                m - +30 ring of slaying
MPRegen 0.34/turn                n - +200 ring of slaying

@: no status effects
A: large, unfitting armour, tough skin 1
a: Renounce Religion, Minor Destruction, Lesser Servant of Makhleb, Major
Destruction, Greater Servant of Makhleb


You were in the Dungeon.
You worshipped Makhleb.
Makhleb was exalted by your worship.
You visited 1 branch

Inventory:

Hand Weapons
 a - a +0 war axe
 l - the +∞ Axe of Woe (weapon)
   (You found it in the Dungeon)
Missiles
 d - 3 throwing nets (quivered)
 e - a large rock
Armour
 b - a +0 robe (worn)
 c - a +0 hat (worn)
Jewellery
 m - a +30 ring of slaying (left hand)
 n - a +200 ring of slaying (right hand)
Scrolls
 k - a scroll of blinking
Potions
 f - a potion of curing
 g - a potion of heal wounds
 h - a potion of haste
 i - 2 potions of magic
 j - a potion of berserk rage


   Skills:
 O Level 27 Fighting
 + Level 8.1(9.6) Short Blades
 + Level 8.1(9.6) Long Blades
 O Level 27 Axes
 + Level 8.1(18.8) Maces & Flails
 + Level 8.8(20.4) Polearms
 + Level 8.8(11.8) Staves
 + Level 6.7 Ranged Weapons
 O Level 27 Throwing
 O Level 27 Armour
 O Level 27 Dodging
 O Level 27 Stealth
 + Level 8.8 Shields
 O Level 27 Unarmed Combat
 O Level 27 Spellcasting
 + Level 8.1 Conjurations
 + Level 8.1 Hexes
 + Level 8.9 Summonings
 + Level 8.1 Necromancy
 + Level 8.1 Translocations
 + Level 8.1 Transmutations
 + Level 8.1 Fire Magic
 + Level 8.1 Ice Magic
 + Level 8.9 Air Magic
 + Level 8.9 Earth Magic
 + Level 8.9 Poison Magic
 O Level 27 Invocations
 + Level 8.1 Evocations


You had 76 spell levels left.
You didn't know any spells.
Your spell library was empty.

Dungeon Overview and Level Annotations

Branches:
Dungeon (1/1)

Altars:
Makhleb


Innate Abilities, Weirdness & Mutations

You are too large for most types of armour.
You have tough skin. (AC +1)


Message History

The large bag of meat explodes!
The fiery explosion engulfs the large bag of meat!!
The fiery explosion engulfs you!!!
You are engulfed in blazing flames.
You hear two shouts!
You hear a shout!
A meat berserker comes into view. It is wielding a +9 battleaxe.
You hear a shout!
The large bag of meat is engulfed in blazing flames.
Your base Short Blades skill gained 2 levels and is now at level 8!
Your base Long Blades skill gained 2 levels and is now at level 8!
Your base Maces & Flails skill gained 2 levels and is now at level 8!
Your base Polearms skill increases to level 8!
Your base Staves skill increases to level 8!
Your Ranged Weapons skill increases to level 6!
Your Shields skill increases to level 8!
Your Conjurations skill gained 2 levels and is now at level 8!
Your Hexes skill gained 2 levels and is now at level 8!
Your Summonings skill increases to level 8!
Your Necromancy skill gained 2 levels and is now at level 8!
Your Translocations skill gained 2 levels and is now at level 8!
Your Transmutations skill gained 2 levels and is now at level 8!
Your Fire Magic skill gained 2 levels and is now at level 8!
Your Ice Magic skill gained 2 levels and is now at level 8!
Your Air Magic skill increases to level 8!
Your Earth Magic skill increases to level 8!
Your Poison Magic skill increases to level 8!
Your Evocations skill gained 2 levels and is now at level 8!
You have reached level 23!
Unknown command.
You hear a shout! x8
A meat berserker comes into view. It is wielding a +9 battleaxe.
You hear a shout! x2
A sculptor of flesh comes into view. It is wielding a +9 great sword.
The destroyer is engulfed in blazing flames.
The destroyer points at you and mumbles some strange words.
The destroyer blinks!
The destroyer is engulfed in blazing flames.
The destroyer hits you with a +9 vorpal great sword!!!!!
Ouch! That really hurt!
* * * LOW HITPOINT WARNING * * *
You die...

.... .... ..... .....
...o... .........
#...o.. #.......#
...#... #..V....#
#...z..###.......###.
.....zO.....###......
....#..o@...._......
..#..o)V§§#)...O#
......)§O§#_.<._#
..#...o☼§§#.....#.
....#.o§§☼z.._......
...........§###......
..oO...###.... ..###.
.Oz.... #.......#
.o..... #.......#


You could see 2 destroyers, 4 sculptors of flesh, a large bag of meat (inner
flame), 3 meat berserkers and 6 bags of meat.

Vanquished Creatures
  5 vampire knights (D)
  13 ogres (D)
  4 two-headed ogres (D)
  29 orcs (D)
51 creatures vanquished.

Notes
Turn   | Place    | Note
-------+----------+-------------------------------------------
     0 | D        | Found the +∞ Axe of Woe
     0 | D        | rocky1 the Ogre Gladiator began the quest for the Orb.
     0 | D        | Reached XP level 1. HP: 22/22 MP: 1/1
     1 | D        | Noticed a bag of meat
     2 | D        | Noticed a meat berserker
     3 | D        | Noticed a meat berserker
     3 | D        | Became a worshipper of Makhleb the Destroyer
     4 | D        | Killed a meat berserker
     5 | D        | Reached skill level 10 in Throwing
     5 | D        | Reached XP level 2. HP: 52/52 MP: 2/2
     5 | D        | Reached XP level 3. HP: 59/59 MP: 3/3
     5 | D        | Reached XP level 4. HP: 68/68 MP: 4/4
     5 | D        | Reached XP level 5. HP: 76/76 MP: 5/5
     5 | D        | Reached XP level 6. HP: 85/85 MP: 6/6
     5 | D        | Reached XP level 7. HP: 93/93 MP: 7/7
     5 | D        | Reached XP level 8. HP: 102/102 MP: 8/8
     5 | D        | Reached XP level 9. HP: 110/110 MP: 9/9
     5 | D        | Reached XP level 10. HP: 119/119 MP: 10/10
     5 | D        | Reached XP level 11. HP: 127/127 MP: 11/11
     5 | D        | Reached XP level 12. HP: 136/136 MP: 12/12
     5 | D        | Noticed a bag of meat
     6 | D        | Killed a meat berserker
     6 | D        | Reached * piety under Makhleb
     6 | D        | Noticed a bag of meat
     7 | D        | Reached skill level 15 in Fighting
     7 | D        | Reached XP level 13. HP: 100/152 MP: 13/13
     7 | D        | Noticed a meat berserker
     8 | D        | Noticed a bag of meat
     8 | D        | Noticed a meat berserker
     8 | D        | Noticed a bag of meat
     8 | D        | Noticed a meat berserker
     9 | D        | Killed a bag of meat
     9 | D        | Noticed a bag of meat
     9 | D        | Noticed a bag of meat
    10 | D        | Noticed a bag of meat
    12 | D        | Killed a bag of meat
    12 | D        | Killed a bag of meat
    12 | D        | Reached ** piety under Makhleb
    12 | D        | Killed a meat berserker
    12 | D        | Noticed a bag of meat
    12 | D        | Noticed a bag of meat
    12 | D        | Noticed a meat berserker
    13 | D        | Reached XP level 14. HP: 172/172 MP: 14/14
    13 | D        | Reached XP level 15. HP: 180/180 MP: 15/15
    13 | D        | Killed a meat berserker
    13 | D        | Noticed a meat berserker
    14 | D        | Reached skill level 27 in Axes
    14 | D        | Reached skill level 15 in Throwing
    14 | D        | Reached *** piety under Makhleb
    14 | D        | Killed a meat berserker
    14 | D        | Noticed a meat berserker
    15 | D        | Reached skill level 27 in Dodging
    15 | D        | Reached XP level 16. HP: 183/206 MP: 16/16
    15 | D        | Killed a meat berserker
    16 | D        | Reached skill level 27 in Fighting
    16 | D        | Noticed a meat berserker
    17 | D        | Reached **** piety under Makhleb
    17 | D        | Noticed a meat berserker
    18 | D        | Noticed a meat berserker
    19 | D        | Reached skill level 5 in Armour
    19 | D        | Reached skill level 5 in Stealth
    19 | D        | Reached skill level 5 in Unarmed Combat
    19 | D        | Killed a meat berserker
    19 | D        | Killed a meat berserker
    20 | D        | Reached skill level 10 in Unarmed Combat
    20 | D        | Reached XP level 17. HP: 226/226 MP: 16/33
    20 | D        | Reached ***** piety under Makhleb
    21 | D        | Reached skill level 10 in Armour
    21 | D        | Reached skill level 10 in Stealth
    22 | D        | Noticed a destroyer
    22 | D        | Noticed a large bag of meat
    22 | D        | Noticed a destroyer
    23 | D        | Noticed a destroyer
    23 | D        | Killed a meat berserker
    23 | D        | Noticed a destroyer
    23 | D        | Noticed a meat berserker
    23 | D        | Noticed a large bag of meat
    24 | D        | Reached XP level 18. HP: 236/236 MP: 17/38
    24 | D        | Killed a meat berserker
    24 | D        | Noticed a large bag of meat
    25 | D        | Reached skill level 15 in Armour
    25 | D        | Reached skill level 15 in Stealth
    25 | D        | Killed a meat berserker
    25 | D        | Killed a destroyer
    25 | D        | Reached ****** piety under Makhleb
    26 | D        | Reached XP level 19. HP: 245/245 MP: 17/45
    27 | D        | Noticed a large bag of meat
    27 | D        | Noticed a destroyer
    29 | D        | Killed a destroyer
    29 | D        | Killed a large bag of meat
    29 | D        | Killed a meat berserker
    29 | D        | Killed a destroyer
    29 | D        | Noticed a destroyer
    30 | D        | Reached XP level 20. HP: 252/256 MP: 18/50
    30 | D        | Killed a large bag of meat
    30 | D        | Noticed a meat berserker
    31 | D        | Reached skill level 27 in Spellcasting
    31 | D        | Reached skill level 27 in Invocations
    31 | D        | Reached XP level 21. HP: 228/265 MP: 18/52
    32 | D        | Noticed a large bag of meat
    32 | D        | Noticed a destroyer
    33 | D        | Noticed a meat berserker
    33 | D        | Killed a destroyer
    33 | D        | Killed a destroyer
    34 | D        | Reached skill level 27 in Throwing
    34 | D        | Reached skill level 27 in Unarmed Combat
    34 | D        | Killed a large bag of meat
    35 | D        | Reached skill level 27 in Armour
    35 | D        | Reached skill level 27 in Stealth
    35 | D        | Reached XP level 22. HP: 230/275 MP: 19/53
    37 | D        | Reached skill level 5 in Ranged Weapons
    37 | D        | Killed a large bag of meat
    38 | D        | Reached XP level 23. HP: 228/284 MP: 20/54
    38 | D        | HP: 2/284 [destroyer/+9 vorpal great sword (226)]
    38 | D        | Annihilated by a destroyer

Illustrated notes

Levels and vault maps discovered:
D:        meatsprint

Skill      XL: |  1  2  3  4  5  6  7  8  9 10 11 12 13 14 15 16 17 18 19 20 21 22 |
---------------+-------------------------------------------------------------------+-----
Fighting       | 13 15 19 23 27 | 27.0
Axes           | 18 21 26 27 | 27.0
Throwing       | 10 12 14 17 20 21 23 24 25 27 | 27.0
Dodging        | 17 19 23 27 | 27.0
Armour         | 9 13 18 21 22 27 | 27.0
Stealth        | 9 13 18 21 22 27 | 27.0
Unarmed Combat | 10 14 19 23 24 27 | 27.0
Spellcasting   | 12 16 22 26 27 | 27.0
Invocations    | 12 16 22 26 27 | 27.0
Short Blades   | 8 |  8.1
Long Blades    | 8 |  8.1
Maces & Flails | 8 |  8.1
Polearms       | 8 |  8.8
Staves         | 8 |  8.8
Ranged Weapons | 6 |  6.7
Shields        | 8 |  8.8
Conjurations   | 8 |  8.1
Hexes          | 8 |  8.1
Summonings     | 8 |  8.9
Necromancy     | 8 |  8.1
Translocations | 8 |  8.1
Transmutations | 8 |  8.1
Fire Magic     | 8 |  8.1
Ice Magic      | 8 |  8.1
Air Magic      | 8 |  8.9
Earth Magic    | 8 |  8.9
Poison Magic   | 8 |  8.9
Evocations     | 8 |  8.1

Action                   |  1- 3 |  4- 6 |  7- 9 | 10-12 | 13-15 | 16-18 | 19-21 | 22-24 || total
-------------------------+-------+-------+-------+-------+-------+-------+-------+-------++-------
Melee: Executioner's axe |     1 |       |       |     1 |     4 |     9 |     5 |     2 ||    22
Dodge: Dodged            |       |       |       |       |     1 |       |       |       ||     1

Table legend: (Time is in decaauts)
 A = Elapsed time spent in this place.
 B = Non-inter-level travel time spent in this place.
 C = Inter-level travel time spent in this place.
 D = Time resting spent in this place.
 E = Time spent auto-exploring this place.
 F = Levels seen in this place.
 G = Mean time per level.
                   A        B        C        D        E       F      G
               +--------+--------+--------+--------+--------+-----+--------+
         Total |     31 |     31 |      0 |      0 |      0 |   1 |   31.0 |
       Dungeon |     31 |     31 |      0 |      0 |      0 |   1 |   31.0 |
               +--------+--------+--------+--------+--------+-----+--------+

Top non-repeatable levels by time:
       D: 31 daAuts
